 Dungeon Crawl Stone Soup version 0.31-a0-233-g139696dc86 (webtiles) character file.

Game seed: 13222948020441510468

319 qw the Shooter (level 6, 0/52 HPs)
             Began as a Minotaur Hexslinger on July 7, 2023.
             Was an Initiate of Okawaru.
             Slain by Grinder (3 damage)
             ... on level 4 of the Dungeon.
             The game lasted 00:01:28 (3381 turns).

qw the Shooter (Minotaur Hexslinger)                Turns: 3381, Time: 00:01:29

Health: 0/52       AC:  7    Str: 16    XL:     6   Next: 21%
Magic:  6/6        EV: 11    Int:  9    God:    Okawaru [......]
Gold:   1252       SH:  5    Dex: 14    Spells: 6/7 levels left

rFire   . . .        Y - +3 sling
rCold   . . .        (no shield)
rNeg    . . .        a - +0 ring mail
rPois   .            (helmet restricted)
rElec   .            b - +1 cloak of Duty {+Blink SInv}
rCorr   .            (no gloves)
SInv    +            (no boots)
Will    .....        h - amulet of reflection
Stlth   +            (no ring)
HPRegen 0.28/turn    (no ring)
MPRegen 0.10/turn

%: reflection
@: about to teleport
A: horns 2, retaliatory headbutt, sense surroundings 2, strong 1
a: Renounce Religion, Evoke Blink


You were on level 4 of the Dungeon.
You worshipped Okawaru.
Okawaru was noncommittal.
You visited 2 branches of the dungeon, and saw 5 of its levels.

You collected 1252 gold pieces.


Innate Abilities, Weirdness & Mutations

You have a pair of horns on your head.
You reflexively headbutt those who attack you in melee.
You passively map the area around you.
Your muscles are strong. (Str +4, Int/Dex -1)


   Skills:
 - Level 4.1 Fighting
 + Level 6.1 Ranged Weapons
 - Level 1.0 Armour
 - Level 2.1 Dodging
 - Level 1.0 Spellcasting
 - Level 2.0 Hexes


You had 6 spell levels left.
You knew the following spells:

 Your Spells              Type           Power      Damage    Failure   Level
a - Slow                  Hex            16%        N/A       30%         1

Your spell library contained the following spells:

 Spells                   Type           Power      Damage    Failure   Level
 Inner Flame              Hex/Fire       2%         N/A       80%         3
 Portal Projectile        Hex/Tloc       4%         N/A       80%         3
 Cause Fear               Hex            2%         N/A       97%         4

Inventory:

Hand Weapons
 Y - a +3 sling (weapon)
Armour
 a - a +0 ring mail (worn)
 b - the +1 cloak of Duty (worn) {+Blink SInv}
   (You found it on level 2 of the Dungeon)

   SInv:      It lets you see invisible.
   +Blink:    It lets you blink.
Jewellery
 h - an amulet of reflection (around neck)
Scrolls
 c - a scroll of fog {unknown}
 d - a scroll of blinking {unknown}
 g - 2 scrolls of identify
Potions
 e - a potion of enlightenment
 f - 2 potions of curing
 l - 2 potions of degeneration {unknown}
 m - a potion of mutation

Dungeon Overview and Level Annotations

Branches:
Dungeon (4/15)             Temple (1/1) D:4

Altars:
Ashenzari
Dithmenos
Fedhas
Gozag
Hepliaklqana
Kikubaaqudgha
Okawaru
Ru
Sif Muna
Uskayaw
Vehumet
Wu Jian
Xom
Yredelemnul
Zin
The Shining One

Annotations:
D:2 1 runed translucent door, Crazy Yiuf
D:4 Grinder


Message History

You shoot a sling bullet.
The sling bullet closely misses Grinder.
Grinder says, "Wait up."
You shoot a sling bullet.
The sling bullet closely misses Grinder.
You shoot a sling bullet.
The sling bullet closely misses Grinder.
Grinder gestures at you. Pain shoots through your body!
You shoot a sling bullet.
The sling bullet hits Grinder but does no damage.
Grinder is moderately wounded.
Grinder barely misses you. You furiously retaliate!
You headbutt Grinder, but do no damage. You shoot a sling bullet.
The sling bullet closely misses Grinder.
Grinder gestures at you.
You suddenly lose the ability to move!
Grinder hits you but does no damage. Grinder hits you!
You writhe in agony.
Grinder hits you.
You writhe in agony.
Grinder hits you!
You can move again.
3378 ||| READING scroll of teleportation.
As you read the scroll of teleportation, it crumbles to dust.
You feel strangely unstable. Grinder gestures at you.
You resist with significant effort.
You shoot a sling bullet. The sling bullet barely misses Grinder.
Grinder hits you but does no damage. Grinder gestures at you.
You shrug off the repeated paralysis!
You shoot a sling bullet.
The sling bullet closely misses Grinder.
Grinder barely misses you. You furiously retaliate!
You headbutt Grinder, but do no damage. You shoot a sling bullet.
The sling bullet completely misses Grinder.
Grinder hits you!
You writhe in agony.
You die...

.......#......#.######
###.#..#.............#
#.##.%.......#####.# *#
###.......# ##.# , ,,
#.........####..### .
*#.#.......#.......# .#
#.#.......#.#.#.#.##
.#####.........#........####
.##............5@#.#.#.....#
.##.###.#...#.#........###.###
....###..#.#..#..#.#.#.# #...#
######....>...##.......#
###.###
....###..#.#..########## #...#
.##.##..#...#.#* ###.#
.##............# #.#
.#####.....##### #.# .#
#.##### #.#


You could see Grinder.

Vanquished Creatures
  A scorpion (D:4)
  A jelly (D:4)
  An orc priest (D:3)
  Terence (D:3)
  7 adders
  2 worms (D:2)
  4 dart slugs
  13 orcs
  10 ball pythons
  5 endoplasms
  6 giant cockroaches
  7 goblins
  3 hobgoblins
  4 kobolds
  2 quokkas
  8 bats
  5 frilled lizards
  8 rats
88 creatures vanquished.

Notes
Turn   | Place    | Note
-------+----------+-------------------------------------------
     0 | D:1      | qw the Minotaur Hexslinger began the quest for the Orb.
     0 | D:1      | Reached XP level 1. HP: 16/16 MP: 1/1
     0 | D:1      | 0 ||| qw: Version: 0.3-a-46-gb1f654a
     0 | D:1      | 0 ||| qw: Game counter: 3177
     0 | D:1      | 0 ||| qw: Melee chars always use a shield: true
     0 | D:1      | 0 ||| qw: God list: Okawaru
     0 | D:1      | 0 ||| qw: Allow faded altars: false
     0 | D:1      | 0 ||| qw: Do Orc after clearing Dungeon:15 true
     0 | D:1      | 0 ||| qw: Do second Lair branch before Depths: true
     0 | D:1      | 0 ||| qw: Lair rune preference: random
     0 | D:1      | 0 ||| qw: Goals: Normal
     0 | D:1      | 0 ||| PLANNING D:1-11
   326 | D:1      | Reached skill level 3 in Ranged Weapons
   400 | D:1      | Reached XP level 2. HP: 23/23 MP: 2/2
   453 | D:1      | Found a faded altar of an unknown god.
   540 | D:1      | 540 ||| UPGRADING to amulet of reflection.
   545 | D:1      | 545 ||| READING scroll labelled FIHUQ WIOMOWE.
   546 | D:1      | 546 ||| READING 2 scrolls labelled EHATTE MAFIRA.
   547 | D:1      | 547 ||| READING scroll labelled FUHONIEPRI.
   550 | D:1      | 550 ||| READING scroll labelled JOIGYDWEUDGH.
   651 | D:1      | 651 ||| READING scroll labelled XEDAN ACIXT.
   652 | D:1      | 652 ||| READING scroll labelled ROH BIJERAUJITES.
   652 | D:1      | Identified a scroll of acquirement
   652 | D:1      | 652 ||| ACQUIRING 1073 gold pieces
   652 | D:1      | Acquired 1073 gold pieces
   654 | D:1      | 654 ||| READING scroll labelled RIGGOR VYJIDO.
   655 | D:1      | 655 ||| DROPPING scroll of poison.
   656 | D:1      | 656 ||| DROPPING scroll of noise.
   682 | D:2      | 682 ||| READING scroll of enchant weapon.
   682 | D:2      | 682 ||| ENCHANTING +2 sling.
   808 | D:2      | Identified the +1 cloak of Duty {+Blink SInv}
   833 | D:2      | Reached XP level 3. HP: 26/29 MP: 3/3
   938 | D:2      | Reached skill level 4 in Ranged Weapons
  1379 | D:2      | Found a runed translucent door.
  1380 | D:2      | Noticed Crazy Yiuf
  1383 | D:2      | 1383 ||| UPGRADING to +1 cloak of Duty {+Blink SInv}.
  1388 | D:2      | 1388 ||| READING 2 scrolls labelled YXIASHERCHO.
  1389 | D:2      | 1389 ||| DROPPING scroll of immolation.
  1475 | D:3      | Reached XP level 4. HP: 36/36 MP: 4/4
  1477 | D:3      | Found a glowing silver altar of Zin.
  1531 | D:3      | Noticed Terence
  1548 | D:3      | HP: 8/36 [Terence/+0 short sword of flaming (2)]
  1549 | D:3      | 1549 ||| READING scroll of teleportation.
  1703 | D:3      | Killed Terence
  1704 | D:3      | Reached skill level 5 in Ranged Weapons
  1857 | D:3      | Reached skill level 3 in Fighting
  1857 | D:3      | Reached XP level 5. HP: 22/45 MP: 5/5
  2044 | D:3      | 2044 ||| STAIRDANCE
  2132 | D:2      | 2132 ||| UPGRADING to +0 ring mail.
  2142 | D:2      | 2142 ||| DROPPING +0 robe.
  2143 | D:2      | 2143 ||| READING 2 scrolls of identify.
  2143 | D:2      | 2143 ||| IDENTIFYING ruby potion
  2144 | D:2      | 2144 ||| DROPPING potion of magic.
  2520 | D:3      | Reached skill level 1 in Armour
  2679 | D:3      | 2679 ||| READING scroll labelled VYTAZEZUEK.
  2680 | D:3      | 2680 ||| DRINKING 2 coppery potions.
  2681 | D:3      | 2681 ||| READING 2 scrolls of identify.
  2681 | D:3      | 2681 ||| IDENTIFYING fizzy ruby potion
  2682 | D:3      | 2682 ||| DROPPING potion of brilliance.
  2741 | D:4      | Noticed Grinder
  2756 | D:4      | Reached skill level 6 in Ranged Weapons
  2813 | D:4      | Reached XP level 6. HP: 52/52 MP: 6/6
  2817 | D:4      | Found a staircase to the Ecumenical Temple.
  2818 | D:4      | 2818 ||| PLANNING TEMPLE
  2818 | D:4      | 2818 ||| READING 2 scrolls of identify.
  2818 | D:4      | 2818 ||| IDENTIFYING silvery potion
  2827 | Temple   | Entered the Ecumenical Temple
  2838 | Temple   | 2838 ||| PLANNING OKAWARU WORSHIP
  2887 | Temple   | Became a worshipper of Warmaster Okawaru
  2888 | Temple   | 2888 ||| PLANNING D:1-11
  2937 | D:4      | 2937 ||| DRINKING 2 lumpy puce potions.
  2937 | D:4      | Gained mutation: You passively map a small area around you.
                  | [potion of mutation]
  2937 | D:4      | Gained mutation: Your muscles are strong. (Str +4, Int/Dex
                  | -1) [potion of mutation]
  2937 | D:4      | Gained mutation: You passively map the area around you.
                  | [potion of mutation]
  3373 | D:4      | Paralysed by Grinder for 5 turns
  3377 | D:4      | HP: 11/52 [Grinder (7)]
  3378 | D:4      | 3378 ||| READING scroll of teleportation.
  3381 | D:4      | HP: 3/52 [Grinder (9)]
  3381 | D:4      | Slain by Grinder

Levels and vault maps discovered:
D:1:      ebering_trefoil_3fold, layout_basic, ebering_ecumenical_altar_webs
D:2:      layout_loops_cross, uniq_crazy_yiuf_cottage
D:3:      minmay_chambers_of_threes, layout_loops_ring, lemuel_crystal_altar,
          minmay_stone_trees_medium, uniq_terence
D:4:      cheibrodos_old_hovel, layout_rooms, minmay_temple_entry_crystal_x,
          serial_co_window_serial, co_window_corner_a, co_window_corner_a,
          co_window_of_opportunity_a, co_window_paths_a, co_window_paths_b,
          co_window_broadway_a, co_window_broadway_a, co_window_unsneaky_path_c,
          co_window_2corner, co_window_paths_c, co_window_4corner_a,
          co_window_paths_e, glass_columns_b, glass_columns_b, glass_columns_c,
          glass_columns_b, kennysheep_generic_room_14, uniq_grinder
Temple:   eino_wide_crystal_templ

Skill      XL: |  1  2  3  4  5  6 |
---------------+-------------------+-----
Ranged Weapons | 3 4 5 6 |  6.1
Fighting       | 2 3 4 |  4.1
Armour         | 1 |  1.0
Dodging        | |  2.1
Spellcasting   | |  1.0
Hexes          | |  2.0

Action                     |  1- 3 |  4- 6 || total
---------------------------+-------+-------++-------
   Fire: Sling             |   100 |   217 ||   317
    Use: Scroll            |     9 |     6 ||    15
         Potion            |       |     2 ||     2
 Armour: Robe              |     9 |    12 ||    21
         Ring mail         |       |    31 ||    31
  Dodge: Dodged            |    22 |    57 ||    79
  Block: Other             |     7 |    36 ||    43

Table legend:
 A = Non-vault XP
 B = Vault XP
 C = Vault XP percentage of total XP
 D = Non-vault monster count
 E = Vault monster count
 F = Vault count percentage of total count
                 A         B        C        D         E       F
            +---------+---------+-------+---------+---------+-------
      Total |     383 |      74 |  16.2 |      74 |      14 |  15.9
            +---------+---------+-------+---------+---------+-------
        D:1 |      22 |       0 |   0.0 |      13 |       0 |   0.0
        D:2 |      77 |       0 |   0.0 |      20 |       0 |   0.0
        D:3 |     104 |      70 |  40.2 |      28 |      13 |  31.7
        D:4 |     180 |       4 |   2.2 |      13 |       1 |   7.1
            +---------+---------+-------+---------+---------+-------
